AoeStats
← MP3999

Yucatan

503185058Analyzed
2v2 RM · 11d ago on Aug 30, 2026· 67m 24s· 4 players
Game mode
Random Map
Map size
Medium (4 player)
Population
200
Speed
Normal
Resources
Standard
Victory
Conquest
Starting age
Dark Age
Ending age
Imperial Age
RankedLock teamsTeams togetherTeam positionsShared explorationLock speedFull tech treeHidden civsTurbo modeCheats
Victory
Defeat
🇺🇦 Magyars · Ukraine
1094
+14
🇺🇸 Mongols · United States
1017
+18
🇺🇸 Ethiopians · United States
1064
-16
🇺🇸 Saracens · United States
1059
-16
President Smart
7:05 Loom
10:35 Feudal Age
11:07 Double-Bit Axe
17:25 Castle Age
17:00 Bloodlines
17:35 Scale Barding Armor
19:41 Bow Saw
20:22 Horse Collar
21:34 Husbandry
22:41 Forging
25:13 Wheelbarrow
24:41 Heavy Plow
29:35 Hand Cart
30:23 Chain Barding Armor
33:40 Iron Casting
35:19 Elite Skirmisher
36:05 Fletching
42:21 Imperial Age
41:01 Bimaristan
41:00 Bodkin Arrow
41:06 Padded Archer Armor
41:45 Ballistics
41:38 Masonry
43:11 Heavy Camel Rider
45:00 Chemistry
44:37 Block Printing
44:34 Bracer
45:07 Counterweights
46:23 Plate Barding Armor
47:06 Two-Man Saw
48:03 Hoardings
48:50 Redemption
57:37 Blast Furnace
56:56 Leather Archer Armor
MP3999
10:24 Feudal Age
11:06 Double-Bit Axe
12:03 Loom
18:49 Castle Age
19:30 Fletching
19:42 Padded Archer Armor
19:31 Crossbowman
21:14 Bodkin Arrow
22:10 Horse Collar
26:47 Bow Saw
28:37 Leather Archer Armor
29:08 Heavy Plow
34:11 Thumb Ring
35:42 Wheelbarrow
34:53 Town Watch
35:46 Scale Mail Armor
36:46 Hand Cart
37:40 Ballistics
37:33 Masonry
37:33 Squires
37:18 Arson
37:48 Forging
37:54 Chain Mail Armor
41:42 Imperial Age
41:45 Halberdier
42:59 Plate Mail Armor
43:04 Iron Casting
42:52 Conscription
42:34 Royal Heirs
42:36 Capped Ram
42:37 Heavy Scorpion
42:38 Onager
42:56 Man-at-Arms
44:21 Arbalester
45:05 Bracer
46:06 Blast Furnace
48:11 Ring Archer Armor
48:55 Chemistry
48:26 Architecture
51:02 Torsion Engines
50:23 Elite Shotel Warrior
60:05 Siege Engineers
DressComic11760
3:07 Loom
11:46 Feudal Age
16:38 Castle Age
14:52 Fletching
15:12 Double-Bit Axe
16:40 Town Watch
20:44 Wheelbarrow
20:37 Stone Mining
24:57 Town Patrol
25:47 Padded Archer Armor
27:08 Bodkin Arrow
28:26 Bloodlines
29:45 Leather Archer Armor
30:11 Gold Mining
31:37 Gold Shaft Mining
32:10 Bow Saw
32:49 Hand Cart
33:00 Husbandry
33:53 Ballistics
34:48 Thumb Ring
35:09 Nomads
36:13 Stone Shaft Mining
39:27 Imperial Age
38:49 Scale Barding Armor
39:29 Fervor
39:48 Horse Collar
39:49 Onager
40:59 Conscription
41:15 Hoardings
41:51 Drill
42:26 Heavy Plow
42:09 Sappers
43:45 Siege Onager
44:50 Murder Holes
45:06 Masonry
46:31 Bracer
46:59 Parthian Tactics
46:27 Elite Mangudai
53:49 Light Cavalry
54:42 Forging
54:52 Chain Barding Armor
57:15 Capped Ram
58:34 Iron Casting
58:00 Scale Mail Armor
57:25 Hussar
60:25 Siege Ram
Modniy
5:48 Loom
10:05 Feudal Age
14:49 Bloodlines
15:07 Double-Bit Axe
17:54 Castle Age
15:50 Horse Collar
18:48 Bow Saw
18:43 Heavy Plow
20:04 Light Cavalry
20:44 Husbandry
22:58 Wheelbarrow
23:15 Fletching
28:31 Pikeman
30:40 Scale Barding Armor
32:56 Chain Barding Armor
32:52 Corvinian Army
34:22 Hand Cart
37:15 Imperial Age
35:51 Elite Skirmisher
38:59 Conscription
40:16 Thumb Ring
42:10 Elite Magyar Huszar
42:56 Bodkin Arrow
45:23 Plate Barding Armor
44:53 Heavy Cavalry Archer
45:58 Parthian Tactics
48:49 Ballistics
49:30 Chemistry
51:09 Crop Rotation
57:19 Siege Engineers
57:25 Masonry
60:30 Bracer
60:31 Padded Archer Armor
61:40 Halberdier
64:02 Leather Archer Armor
63:12 Hussar
63:37 Treadmill Crane
Connection lost

Rejoining the realm…

Still unreachable

The connection could not be restored.

Session expired

The server has moved on; the page needs a fresh start.